 Dungeon Crawl Stone Soup version 0.21.1-1-g345015fe64 (webtiles) character file.

295 Jannitor the Skirmisher (level 6, -1/44 HPs)
             Began as an Octopode Chaos Knight on Mar 28, 2018.
             Slain by VanClaymore's ghost (20 damage)
             ... on level 3 of the Dungeon.
             The game lasted 00:05:55 (2224 turns).

Jannitor the Skirmisher (Octopode Chaos Knight)     Turns: 2224, Time: 00:05:56

Health: -1/44      AC:  1    Str:  9    XL:     6   Next: 34%
Magic:  6/6        EV: 12    Int: 17    God:    Xom [..*...]
Gold:   209        SH:  8    Dex: 11    Spells: 5/5 levels left

rFire    . . .     SeeInvis .     - Unarmed
rCold    + . .     Gourm    .   o - +1 shield {rC+}
rNeg     . . .     Faith    .   (helmet restricted)
rPois    .         Spirit   .   d - amulet of regeneration
rElec    .         Reflect  .   (no ring)
rCorr    .         Harm     .   (no ring)
MR       .....                  (no ring)
Stlth    ++........             (no ring)
HPRegen  0.94/turn              (no ring)
MPRegen  0.10/turn              (no ring)
                                (no ring)
                                (no ring)

@: berserk cooldown, slowed, very slow
A: almost no armour, stealthy swim, amphibious, 8 rings, constrict 8, camouflage
1, clever 1, regeneration 1, screaming 2, weak 2, gelatinous body 1
a: Renounce Religion


You were on level 3 of the Dungeon.
You worshipped Xom.
You were a toy of Xom.
You were not hungry.

You visited 1 branch of the dungeon, and saw 3 of its levels.

You collected 209 gold pieces.

Inventory:

Armour
 o - a +1 shield of cold resistance (worn)
Jewellery
 d - an amulet of regeneration (around mantle)
 k - an uncursed amulet of magic regeneration {unknown}
 r - a +2 amulet of reflection {unknown}
Scrolls
 b - a scroll of remove curse
 m - a scroll of magic mapping
 q - a scroll of fear
Potions
 c - a potion of ambrosia
 f - a potion of haste {unknown}
 g - a potion of degeneration {unknown}
 h - 3 potions of brilliance
 j - a potion of agility {unknown}
 p - a potion of berserk rage {unknown}
Comestibles
 a - 3 rations
 s - a chunk of flesh


   Skills:
 + Level 4.3 Fighting
 + Level 3.9 Dodging
 * Level 2.4 Shields
 + Level 4.3 Unarmed Combat


You had 5 spell levels left.
You didn't know any spells.

Dungeon Overview and Level Annotations

Branches:
Dungeon (3/15)

Altars:

Annotations:
D:3 VanClaymore's ghost, novice GrMo


Innate Abilities, Weirdness & Mutations

You cannot wear most types of armour.
You are very stealthy in the water. (Stealth+)
You are amphibious.
You can wear up to eight rings at the same time.
You can use your tentacles to constrict eight enemies at once.
Your skin changes colour to match your surroundings (Stealth+).
Your rubbery body absorbs attacks. (AC +1, EV +1)
Your mind is acute. (Int +2)
Your natural rate of healing is unusually fast.
You sometimes yell uncontrollably at your foes.
You are very weak. (Str -4)


Message History

VanClaymore's ghost is moderately damaged.
You block VanClaymore's ghost's attack.
You tentacle-slap VanClaymore's ghost.
VanClaymore's ghost is moderately damaged.
You tentacle-slap VanClaymore's ghost but do no damage.
VanClaymore's ghost is moderately damaged.
VanClaymore's ghost hits you but does no damage.
You tentacle-slap VanClaymore's ghost but do no damage.
VanClaymore's ghost is moderately damaged.
You tentacle-slap VanClaymore's ghost but do no damage.
VanClaymore's ghost is moderately damaged.
You are no longer berserk.
You are exhausted.
You feel yourself slow down. VanClaymore's ghost hits you!
You barely miss VanClaymore's ghost.
You squeeze VanClaymore's ghost, but do no damage.
VanClaymore's ghost is moderately damaged.
VanClaymore's ghost hits you!
You are electrocuted!
You die...
Xom snickers!

##* #.*
#.##################
#..@W...............
#.################.#
#.* #.# #.*
###########.# #.*
#...........# #.***
#...........# #.,,*
#...........# #.K,*
#...........# *,S,*
#........?..#


You could see VanClaymore's ghost.

Vanquished Creatures
  An ogre (D:3)
  A bullfrog zombie (D:2)
  Robin (D:2)
  8 adders
  A dart slug (D:2)
  2 leopard geckos
  An orc (D:3)
  11 bats
  2 giant cockroaches (D:2)
  17 goblins
  9 hobgoblins
  12 jackals
  12 kobolds
  2 quokkas (D:2)
  A ball python (D:2)
  3 frilled lizards
  6 rats
90 creatures vanquished.

Notes
Turn   | Place    | Note
-------+----------+-------------------------------------------
     0 | D:1      | Jannitor the Octopode Chaos Knight began the quest for the Orb.
     0 | D:1      | Reached XP level 1. HP: 16/16 MP: 1/1
   169 | D:1      | Reached XP level 2. HP: 14/21 MP: 2/2
   500 | D:1      | XOM: harmless Tloc miscast
   555 | D:1      | XOM is BORED!
   555 | D:1      | XOM: stat loss: -2 Int (12/14)
   620 | D:2      | Reached XP level 3. HP: 19/26 MP: 3/3
   834 | D:2      | XOM: harmless Pois miscast
   960 | D:2      | Reached XP level 4. HP: 33/33 MP: 4/4
   985 | D:2      | Noticed Robin
   992 | D:2      | Killed Robin
  1004 | D:2      | XOM: chaos cloud
  1071 | D:2      | XOM: harmless Erth miscast
  1080 | D:2      | XOM: harmless Tloc miscast
  1310 | D:2      | Reached XP level 5. HP: 23/37 MP: 5/5
  1427 | D:2      | XOM: give mutations
  1427 | D:2      | Gained mutation: Your mind is acute. (Int +2) [Xom's mischief]
  1427 | D:2      | Gained mutation: Your natural rate of healing is unusually fast. [Xom's mischief]
  1427 | D:2      | Gained mutation: You are weak. (Str -2) [Xom's mischief]
  1427 | D:2      | Gained mutation: You occasionally shout uncontrollably at your foes. [Xom's mischief]
  1438 | D:2      | Reached skill level 1 in Shields
  1454 | D:2      | XOM: polymorph frilled lizard -> adder
  1462 | D:2      | XOM: give mutations
  1462 | D:2      | Gained mutation: You sometimes yell uncontrollably at your foes. [Xom's mischief]
  1462 | D:2      | Gained mutation: You are very weak. (Str -4) [Xom's mischief]
  1911 | D:3      | Found a faded altar of an unknown god.
  2184 | D:3      | XOM: 7-stop teleportation journey
  2185 | D:3      | Noticed an ogre
  2185 | D:3      | Noticed VanClaymore's ghost (novice GrMo)
  2204 | D:3      | XOM: divination: detect creatures
  2208 | D:3      | XOM: potion effect (berserk rage)
  2209 | D:3      | Killed an ogre
  2209 | D:3      | Reached XP level 6. HP: 44/44 MP: 6/6
  2210 | D:3      | XOM: divination: magic mapping
  2224 | D:3      | Slain by VanClaymore's ghost

Skill      XL: |  1  2  3  4  5 |
---------------+----------------+-----
Dodging        | 3 |  3.9
Fighting       | 4 |  4.3
Shields        | 2 |  2.4
Unarmed Combat | 4 |  4.3

Action                   |  1- 3 |  4- 6 || total
-------------------------+-------+-------++-------
Melee: Unarmed           |    80 |   162 ||   242
       Constrict         |    23 |    33 ||    56
       Tentacles         |    12 |    21 ||    33
  Use: Scroll            |       |     6 ||     6
       Potion            |       |     2 ||     2
 Stab: Sleeping          |     9 |     5 ||    14
  Eat: Chunk             |       |     4 ||     4
Armor: Skin              |    16 |    10 ||    26
Dodge: Dodged            |    67 |    71 ||   138
Block: Shield            |       |    40 ||    40
